 Dungeon Crawl Stone Soup version 0.29.1-15-g9cfb28693d (webtiles) character file.

Game seed: 11144684790770314788

321 Heoruswealwe the Magician (level 6, -2/32 HPs)
             Began as a Deep Elf Earth Elementalist on Apr 4, 2023.
             Slain by Duvessa
             ... wielding a +0 short sword
              (11 damage)
             ... on level 4 of the Dungeon.
             The game lasted 00:22:03 (3022 turns).

Heoruswealwe the Magician (DEEE)                    Turns: 3022, Time: 00:22:05

Health: -2/32      AC:  4    Str: 11    XL:     6   Next: 22%
Magic:  13/17      EV: 16    Int: 22    God:
Gold:   151        SH:  0    Dex: 15    Spells: 8/18 levels left

rFire   . . .      SeeInvis .   m - +0 war axe
rCold   . . .      Faith    .   (no shield)
rNeg    . . .      Spirit   .   a - +0 robe
rPois   .          Reflect  .   (no helmet)
rElec   .          Harm     .   (no cloak)
rCorr   .          Rampage  .   w - +0 pair of gloves
Will    .....                   s - +0 pair of boots
Stlth   ++........              (no amulet)
HPRegen 0.10/turn               r - +6 ring of strength
MPRegen 0.15/turn               x - +4 ring of evasion

@: no status effects
A: no striking features
a: no special abilities


You were on level 4 of the Dungeon.
You visited 1 branch of the dungeon, and saw 4 of its levels.

You collected 157 gold pieces.
You donated 6 gold pieces to Zin.

Inventory:

Hand Weapons
 m - a +0 war axe (weapon)
Armour
 a - a +0 robe (worn)
 f - a +0 robe
 n - a +0 robe
 s - a +0 pair of boots (worn)
 u - a +0 robe
 w - a +0 pair of gloves (worn)
Jewellery
 r - a +6 ring of strength (left hand)
 x - a +4 ring of evasion (right hand)
Scrolls
 d - a scroll of amnesia {unknown}
 e - a scroll of summoning {unknown}
 g - 3 scrolls of identify {unknown}
 h - a scroll of silence {unknown}
 i - a scroll of teleportation {unknown}
 l - a scroll of torment {unknown}
 q - a scroll of magic mapping {unknown}
 t - a scroll of brand weapon {unknown}
 v - a scroll of enchant weapon {unknown}
Potions
 b - a potion of magic
 c - 4 potions of cancellation {unknown}
 j - a potion of flight {unknown}
 k - 2 potions of attraction {unknown}
 o - 2 potions of might {unknown}
 p - a potion of curing {unknown}


   Skills:
 - Level 2.4 Dodging
 - Level 2.4 Stealth
 + Level 6.6 Spellcasting
 - Level 1.1 Transmutations
 + Level 5.9 Earth Magic


You had 8 spell levels left.
You knew the following spells:

 Your Spells              Type           Power      Damage    Failure   Level
a - Sandblast             Erth           66%        2d15      1%          1
b - Stone Arrow           Conj/Erth      40%        3d9       8%          3
c - Petrify               Tmut/Erth      22%        N/A       21%         4
z - Passwall              Tmut/Erth      18%        N/A       3%          2

Your spell library contained the following spells:

 Spells                   Type           Power      Damage    Failure   Level


Dungeon Overview and Level Annotations

Branches:
Dungeon (4/15)
 Temple: D:4-7

Altars:
Elyvilon
Ru
Sif Muna
Zin
The Shining One

Shops:
D:2 :

Annotations:
D:4 Duvessa


Message History

The bush is almost destroyed.
You hit the bush.
You destroy the bush!
Dowan, Brother of Duvessa comes into view.
He is wielding a +0 dagger.
Found a scroll labelled TAFENO GODI.
Duvessa, Sister of Dowan comes into view.
She is wielding a +0 short sword and wearing a +2 chain mail of cold resistance.
Duvessa shouts!
Dowan shouts!
You see here a viscous puce potion.
The blast of sand hits Dowan!!
You kill Dowan!
Duvessa screams in rage.
Duvessa goes berserk!
The blast of sand hits Duvessa.
Duvessa is lightly wounded.
You hear a bark!
The blast of sand hits Duvessa.
Duvessa is lightly wounded.
Duvessa hits you with a +0 short sword. Duvessa hits you with a +0 short sword!
Ouch! That really hurt!
You are too injured to fight recklessly!
Casting: Sandblast (safe; 1% risk of failure)
Confirm with . or Enter, or press ? or * to list all spells.
Aiming: Sandblast (safe; 1% risk of failure)
Press: ? - help, Shift-Dir - straight line, f/p - Duvessa
Aim: Duvessa, wielding a +0 short sword and wearing a +2 chain mail of cold resistance (lightly wounded, berserk, 90% to hit)
The blast of sand hits Duvessa but does no damage.
Duvessa is lightly wounded.
Duvessa hits you with a +0 short sword.
* * * LOW HITPOINT WARNING * * *
A hound comes into view.
Duvessa barely misses you.
Casting: Sandblast (safe; 1% risk of failure)
Confirm with . or Enter, or press ? or * to list all spells.
Aiming: Sandblast (safe; 1% risk of failure)
Press: ? - help, Shift-Dir - straight line, f/p - Duvessa
Aim: Duvessa, wielding a +0 short sword and wearing a +2 chain mail of cold resistance (lightly wounded, berserk, 90% to hit)
The blast of sand hits Duvessa but does no damage.
Duvessa is lightly wounded.
Duvessa hits you with a +0 short sword!
You die...

#.######. #.# #.# #.#
#h# ##.# #?# ###..#
#)# ###...#######.#
#≈~..♣♣♣P.≈~#.#
#~~P..P..P~~.e#######
#.PP♣♣.♣♣P...@......#
#P.♣♣P..♣♣.P..###.#.#
#♣.♣P....♣.♣..#
♣...._....♣..#
#♣.♣.....♣.♣..#
##..♣♣...♣♣....#
#....♣♣.♣♣.....#
#.~≈.......~~..#
#.~~..♣♣♣..~~..#


You could see Duvessa (berserk) and a hound.

Vanquished Creatures
  A scorpion (D:2)
  Dowan (D:4)
  A crimson imp (D:4)
  Jessica (D:2)
  Natasha (thrice) (D:2)
  A white imp (D:4)
  3 worms
  A dart slug (D:1)
  An orc (D:3)
  2 bats
  4 endoplasms
  5 giant cockroaches
  5 goblins
  7 hobgoblins
  8 kobolds
  4 quokkas
  2 ball pythons
  4 frilled lizards
  8 rats
  12 bushes (D:4)
  A butterfly (D:4)
75 creatures vanquished.

Notes
Turn   | Place    | Note
-------+----------+-------------------------------------------
     0 | D:1      | Heoruswealwe the Deep Elf Earth Elementalist began the
                  | quest for the Orb.
     0 | D:1      | Reached XP level 1. HP: 10/10 MP: 6/6
    79 | D:1      | Reached XP level 2. HP: 15/15 MP: 2/8
    85 | D:1      | Learned a level 2 spell: Passwall
   490 | D:1      | Found a faded altar of an unknown god.
   533 | D:1      | Reached skill level 4 in Spellcasting
   571 | D:1      | Reached XP level 3. HP: 16/19 MP: 3/10
   575 | D:1      | Learned a level 3 spell: Stone Arrow
   616 | D:1      | Prayed at the altar of an unknown god.
   616 | D:1      | Became a worshipper of Zin the Law-Giver
   616 | D:1      | Reached * piety under Zin
   617 | D:1      | Fell from the grace of Zin
   744 | D:2      | Noticed Natasha
   746 | D:2      | Killed Natasha
   967 | D:2      | Found a shimmering blue altar of Sif Muna.
   998 | D:2      | Found Coxomp's Book Boutique.
  1006 | D:2      | Noticed Jessica
  1011 | D:2      | Killed Jessica
  1012 | D:2      | Reached XP level 4. HP: 24/24 MP: 9/12
  1017 | D:2      | Learned a level 4 spell: Petrify
  1080 | D:2      | Reached skill level 5 in Spellcasting
  1148 | D:2      | Noticed a scorpion
  1155 | D:2      | Killed a scorpion
  1156 | D:2      | Reached skill level 5 in Earth Magic
  1156 | D:2      | Reached XP level 5. HP: 23/28 MP: 8/15
  1419 | D:2      | Noticed Natasha
  1423 | D:2      | Killed Natasha
  1468 | D:2      | Noticed Natasha
  1472 | D:2      | Killed Natasha
  1473 | D:2      | Reached skill level 6 in Spellcasting
  1882 | D:3      | Found a faded altar of an unknown god.
  1886 | D:3      | Found a glowing golden altar of the Shining One.
  1906 | D:3      | Prayed at the altar of an unknown god.
  1906 | D:3      | Became a worshipper of Ru the Awakened
  1907 | D:3      | Fell from the grace of Ru
  2183 | D:4      | Reached XP level 6. HP: 32/32 MP: 15/17
  2308 | D:4      | Found a white marble altar of Elyvilon.
  3015 | D:4      | Noticed Dowan
  3017 | D:4      | Noticed Duvessa
  3018 | D:4      | Killed Dowan
  3022 | D:4      | Slain by Duvessa

Illustrated notes

Levels and vault maps discovered:
D:1:      erik_arrival_blinker_ship, layout_basic,
          shapermc_ecumenical_altar_starsandcircs
D:2:      minmay_angry_zag, layout_basic, serial_shops, nicolae_square_shop,
          basic_altar, minmay_tripent, uniq_natasha, uniq_jessica
D:3:      layout_loops_ring, nicolae_overflow_ecumenical_swirl
D:4:      layout_basic, nemelex_dance_club_becter,
          nicolae_elyvilon_peaceful_grove, serial_shops,
          nicolae_shop_hallway_stairs, minmay_fire_ice_demons, uniq_duvessa

Skill      XL: |  1  2  3  4  5 |
---------------+----------------+-----
Spellcasting   | 4 5 6 |  6.6
Earth Magic    | 4 5 |  5.9
Dodging        | |  2.4
Stealth        | |  2.4
Transmutations | |  1.1

Action                   |  1- 3 |  4- 6 || total
-------------------------+-------+-------++-------
Melee: War axe           |       |   641 ||   641
       Punch             |       |    22 ||    22
 Cast: Sandblast         |    42 |    52 ||    94
Invok: Renounce Religion |     1 |     1 ||     2
Armor: Robe              |     2 |     3 ||     5
Dodge: Dodged            |     3 |    12 ||    15
